 Dungeon Crawl Stone Soup version 0.21-a0-630-g344d351 (webtiles) character file.

38 slep the Slasher (level 3, 0/28 HPs)
             Began as a Formicid Gladiator on Dec 26, 2017.
             Slain by a worm (10 damage)
             ... on level 2 of the Dungeon.
             The game lasted 00:02:32 (598 turns).

slep the Slasher (Formicid Gladiator)                Turns: 598, Time: 00:02:32

Health: 0/28       AC:  3    Str: 18    XL:     3   Next: 65%
Magic:  3/3        EV: 13    Int:  7    God:
Gold:   31         SH:  0    Dex: 13    Spells: 2/2 levels left

rFire    . . .     SeeInvis +   a - +0 long sword
rCold    . . .     Gourm    .   (no shield)
rNeg     . . .     Faith    .   b - +0 leather armour
rPois    .         Spirit   .   (helmet unavailable)
rElec    .         Reflect  .   (no cloak)
rCorr    .         Harm     .   (no gloves)
MR       .....                  (no boots)
Stlth    +.........             (no amulet)
HPRegen  0.09/turn              (no ring)
MPRegen  0.08/turn              (no ring)

@: no status effects
A: permanent stasis, dig shafts and tunnels, four strong arms, antennae 3
a: Dig, Shaft Self


You were on level 2 of the Dungeon.
You were not hungry.

You visited 1 branch of the dungeon, and saw 2 of its levels.

You collected 31 gold pieces.

Inventory:

Hand Weapons
 a - a +0 long sword (weapon)
Missiles
 c - 3 throwing nets (quivered)
 k - 15 poisoned needles
Armour
 b - a +0 leather armour (worn)
Scrolls
 f - a scroll of identify {unknown}
 g - a scroll of magic mapping {unknown}
 i - 2 scrolls of teleportation {unknown}
 j - a scroll of immolation {unknown}
 m - a scroll of random uselessness {unknown}
Potions
 e - a potion of curing {unknown}
 h - a potion of agility {unknown}
 l - a potion of magic {unknown}
 o - a potion of haste {unknown}
Comestibles
 d - 2 rations
 n - 2 chunks of flesh


   Skills:
 + Level 2.3 Fighting
 + Level 3.8 Long Blades
 + Level 2.1 Throwing
 + Level 0.6 Armour
 + Level 3.1 Dodging


You had 2 spell levels left.
You didn't know any spells.

Dungeon Overview and Level Annotations

Branches:
Dungeon (2/15)

Altars:


Innate Abilities, Weirdness & Mutations

You cannot be hasted, slowed, berserked, paralysed or teleported.
You can dig through walls and to a lower floor.
Your four strong arms can wield two-handed weapons with a shield.
You have a pair of large antennae on your head. (SInv)


Message History

You hit the worm.
The worm is moderately wounded.
The worm bites you.
You barely miss the worm.
The worm is moderately wounded.
The worm bites you but does no damage.
You barely miss the worm.
The worm is moderately wounded.
You barely miss the worm.
The worm is moderately wounded.
The worm barely misses you.
You hit the worm.
The worm is moderately wounded.
The worm bites you but does no damage.
You barely miss the worm.
The worm is moderately wounded.
You hit the worm but do no damage.
The worm is moderately wounded.
The worm bites you!
You die...

.....# .....#
...... .###.###
....### .#.....#
.. ...... .....#.#
#. ..... .......#
#..#. #?..
#..#######..#.##..
#...........#...w#
#.#########.##..@#
#.#########.##...#
..............?..+
#.#########.#....#
###########.#....#
.................#
##..#######.######
##.# #.......#
###..###.......#


You could see a worm.

Vanquished Creatures
  A gnoll (D:1)
  A worm (D:2)
  2 dart slugs
  A leopard gecko (D:1)
  3 hobgoblins (D:1)
  3 jackals (D:2)
  2 bats (D:1)
  2 frilled lizards (D:1)
  A goblin (D:1)
  2 kobolds
  5 rats
23 creatures vanquished.

Notes
Turn   | Place    | Note
-------+----------+-------------------------------------------
     0 | D:1      | slep the Formicid Gladiator began the quest for the Orb.
     0 | D:1      | Reached XP level 1. HP: 16/16 MP: 1/1
    63 | D:1      | Reached XP level 2. HP: 8/22 MP: 2/2
   207 | D:1      | Reached XP level 3. HP: 10/28 MP: 3/3
   598 | D:2      | Slain by a worm

Vault maps used:
D:1:      dpeg_arrival_radiant
D:2:      minmay_misc_feat_plants

Skill      XL: |  1  2  3 |
---------------+----------+-----
Dodging        | 3 |  3.1
Fighting       | |  2.3
Long Blades    | |  3.8
Throwing       | |  2.1
Armour         | |  0.6

Action                   || total
-------------------------++-------
Melee: Long sword        ||    72
Armor: Leather armour    ||    12
Dodge: Dodged            ||    39
       Rpst.: Long sword ||    12

Table legend:
 A = Spawn XP
 B = Non-spawn XP
 C = Spawn XP percentage of total XP
 D = Spawn monster count
 E = Non-spawn monster count
 F = Spawn count percentage of total count
 G = Total turns spent on level
                    A         B        C        D         E        F      G
               +---------+---------+-------+---------+---------+-------+---------
         Total |       0 |      55 |   0.0 |       0 |      23 |   0.0 |   598
               +---------+---------+-------+---------+---------+-------+---------
           D:1 |       0 |      37 |   0.0 |       0 |      16 |   0.0 |   452
           D:2 |       0 |      18 |   0.0 |       0 |       7 |   0.0 |   146
               +---------+---------+-------+---------+---------+-------+---------
